 Dungeon Crawl Stone Soup version 0.32-a0-607-g64ea0e4219 (webtiles) character file.

Game seed: 1673157954056467129

886 javelincjr the Trooper (level 7, -2/55 HPs)
             Began as a Demonspawn Warper on Mar 1, 2024.
             Was a Follower of Beogh.
             Slain by a yak (11 damage)
             ... on level 5 of the Dungeon on Mar 3, 2024.
             The game lasted 00:18:09 (4757 turns).

javelincjr the Trooper (Demonspawn Warper)          Turns: 4757, Time: 00:18:10

Health: -2/55      AC:  3    Str: 12    XL:     7   Next: 77%
Magic:  10/12      EV: 13    Int: 12    God:    Beogh [*.....]
Gold:   917        SH:  0    Dex: 23    Spells: 5/12 levels left

rFire   . . .        c - +1 dagger (venom)
rCold   + . .        (no shield)
rNeg    . . .        B - +0 leather armour {rC+}
rPois   .            (helmet restricted)
rElec   .            (no cloak)
rCorr   .            (no gloves)
SInv    .            (boots unavailable)
Will    .....        (no amulet)
Stlth   ++           n - +6 ring of dexterity
HPRegen 0.29/turn    (no ring)
MPRegen 0.13/turn

%: no passive effects
@: on blink cooldown
A: antennae 2, hooves 3, demonic guardian 1, agile 1
a: Renounce Religion


You were on level 5 of the Dungeon.
You worshipped Beogh.
Beogh was aware of your devotion.
You visited 1 branch of the dungeon, and saw 6 of its levels.

You collected 917 gold pieces.

Inventory:

Hand Weapons
 a - a +0 spear
 c - a +1 dagger of venom (weapon)
 j - a +3 whip
 m - a +2 dagger of speed
 w - a +0 trident
Missiles
 d - 7 darts of dispersal (quivered)
 l - 4 atropa-tipped darts
 r - a throwing net
 v - 6 poisoned darts
Armour
 b - a +1 leather armour
 e - a +0 chain mail
 p - an orb of mayhem
 u - a +0 scale mail
 B - a +0 leather armour of cold resistance (worn)
Jewellery
 n - a +6 ring of dexterity (left hand)
Wands
 y - a wand of mindburst (14)
Scrolls
 h - 2 scrolls of teleportation
 s - a scroll of poison
 t - a scroll of blinking
 D - a scroll of vulnerability {unknown}
Potions
 f - 2 potions of might
 g - a potion of berserk rage {unknown}
 i - a potion of cancellation {unknown}
 k - 2 potions of curing
 o - 2 potions of ambrosia {unknown}
 q - a potion of haste {unknown}
 x - 2 potions of lignification {unknown}
 z - 2 potions of mutation
 A - a potion of heal wounds {unknown}
 C - a potion of degeneration {unknown}


   Skills:
 * Level 4.7 Fighting
 + Level 3.3 Polearms
 - Level 1.0 Throwing
 + Level 3.1 Armour
 + Level 3.2 Dodging
 + Level 3.3 Spellcasting
 + Level 3.9 Translocations
 + Level 2.7 Invocations


You had 5 spell levels left.
You knew the following spells:

 Your Spells              Type           Power      Damage    Failure   Level
a - Blink                 Tloc           22%        N/A       9%          2
b - Lesser Beckoning      Tloc           22%        N/A       9%          2
c - Teleport Other        Tloc           11%        N/A       19%         3

Your spell library contained the following spells:

 Spells                   Type           Power      Damage    Failure   Level
 Momentum Strike          Conj/Tloc      12%        3d8       21%         2
 Ensorcelled Hibernation  Hex/Ice        4%         N/A       41%         2
 Manifold Assault         Tloc           11%        N/A       52%         4
 Hailstorm                Conj/Ice       2%         3d5       65%         3
 Passwall                 Erth           2%         N/A       65%         3
 Summon Ice Beast         Ice/Summ       2%         N/A       65%         3
 Swiftness                Air            2%         N/A       65%         3
 Vhi's Electric Charge    Tloc/Air       12%        N/A       80%         4
 Sculpt Simulacrum        Ice/Alch       1%         N/A       100%        6


Dungeon Overview and Level Annotations

Branches:
Dungeon (6/15)             Temple (0/1) D:5

Altars:
Gozag
Nemelex Xobeh
Qazlal
Sif Muna
Xom
Beogh

Annotations:
D:5 3 runed translucent doors, DimondSprtn's ghost, novice CoWr


Innate Abilities, Weirdness & Mutations

You have a pair of antennae on your head.
You have hooves in place of feet.
A weak demonic guardian rushes to your aid.
You are agile. (Dex +4, Str/Int -1)


Message History

Found a stone staircase leading up.
There is a stone staircase leading up here.
You hit the yak.
The yak is lightly wounded.
The yak snorts and paws the ground.
The yak closely misses you.
You hit the yak but do no damage.
The yak is lightly wounded.
You hit the yak but do no damage.
The yak is poisoned.
You kick the yak.
The yak is lightly wounded.
The yak gores you! The yak barely misses you. x2
You climb upwards.
Level annotation: 3 runed translucent doors, DimondSprtn's ghost, novice CoWr
There is a stone staircase leading down here.
You hit the yak.
The yak looks as sick as possible!
You kick the yak.
The yak is moderately wounded.
The yak misses you. The yak gores you.
You hit the yak.
The yak is poisoned.
You kick the yak.
The yak is lightly wounded.
The yak misses you. The yak closely misses you.
You hit the yak but do no damage.
The yak looks as sick as possible!
You kick the yak.
The yak is moderately wounded.
The yak barely misses you. The yak gores you!
You hit the yak but do no damage.
The yak looks as sick as possible!
You kick the yak!
The yak is severely wounded.
The yak gores you! The yak barely misses you.
Cast which spell? (? or * to list)
You blink.
The yak barely misses you. The yak gores you!
* * * LOW HITPOINT WARNING * * *
A demonic guardian appears!
You swap places.
The yak gores your iron imp! x2
Your iron imp dies!
Your iron imp disappears in a puff of smoke!
You completely miss the yak. You kick the yak.
The yak is severely wounded.
The yak closely misses you. The yak gores you!
You die...

####### ......##### ..........#
..###.###.# ....#.#...#
..#.#.###.# ..#.....#.#
..###.#.#.########
................@#
..###.#.#......YY### ######
..#.....#..........###....#
..#.#.###....[>..#......#.#######
....#.#..........####............
..###.###.......## ##''##.###....
................# ##≈..≈########.
.####.#.........###≈≈..≈≈###...##
...........#.....#≈≈....≈≈#..#...


You could see 2 yaks.

Vanquished Creatures
  A black bear (D:4)
  An ogre (D:5)
  A phantom (D:5)
  2 scorpions
  2 bombardier beetles
  2 hounds (D:4)
  An orc priest (D:5)
  A jelly (D:5)
  3 iguanas
  2 orc wizards (D:5)
  2 adders
  3 ribbon worms
  A dart slug (D:3)
  5 orcs
  5 ball pythons
  5 endoplasms
  6 giant cockroaches
  5 goblins
  6 hobgoblins
  6 jackals
  8 kobolds
  2 quokkas (D:1)
  6 bats
  A frilled lizard (D:2)
  2 rats (D:1)
79 creatures vanquished.

Vanquished Creatures (collateral kills)
  An ogre (D:5)
  A jelly (D:5)
  A white imp (D:5)
3 creatures vanquished.

Vanquished Creatures (others)
  4 orcs (D:5)
4 creatures vanquished.

Grand Total: 86 creatures vanquished

Notes
Turn   | Place    | Note
-------+----------+-------------------------------------------
     0 | D:1      | javelincjr the Demonspawn Warper began the quest for the
                  | Orb.
     0 | D:1      | Reached XP level 1. HP: 16/16 MP: 3/3
    98 | D:1      | Reached skill level 1 in Armour
   147 | D:1      | Reached skill level 1 in Throwing
   217 | D:1      | Discovered your monstrous ancestry.
   217 | D:1      | Gained mutation: You have large cloven feet. [demonic
                  | ancestry]
   217 | D:1      | Reached XP level 2. HP: 22/22 MP: 5/5
   859 | D:1      | Learned a level 2 spell: Blink
   862 | D:1      | Learned a level 2 spell: Lesser Beckoning
   901 | D:2      | Gained mutation: You have a pair of small antennae on your
                  | head. [demonic ancestry]
   901 | D:2      | Reached XP level 3. HP: 25/28 MP: 6/6
  1281 | D:2      | Found a faded altar of an unknown god.
  1695 | D:3      | Gained mutation: You have hoof-like feet. [demonic
                  | ancestry]
  1695 | D:3      | Reached XP level 4. HP: 10/34 MP: 4/7
  1818 | D:3      | Identified a scroll of acquirement
  1818 | D:3      | Acquired 631 gold pieces
  1832 | D:3      | HP: 1/34 [burnt (2)]
  1838 | D:3      | Reached skill level 3 in Fighting
  2086 | D:3      | Became a worshipper of Beogh the Shepherd
  2163 | D:3      | Found an opulent altar of Gozag.
  2163 | D:3      | Found a sparkling altar of Nemelex Xobeh.
  2342 | D:4      | Found a shimmering altar of Xom.
  2342 | D:4      | Found a shimmering altar of Xom.
  2370 | D:4      | Gained mutation: A weak demonic guardian rushes to your
                  | aid. [demonic ancestry]
  2370 | D:4      | Reached XP level 5. HP: 21/41 MP: 8/8
  3095 | D:4      | Noticed a black bear
  3118 | D:4      | Killed a black bear
  3118 | D:4      | Reached * piety under Beogh
  3119 | D:4      | Reached skill level 1 in Invocations
  3119 | D:4      | Reached XP level 6. HP: 33/48 MP: 6/10
  3453 | D:5      | Entered Level 5 of the Dungeon
  3465 | D:5      | Learned a level 3 spell: Teleport Other
  3508 | D:5      | Reached skill level 4 in Fighting
  3833 | D:5      | Gained mutation: You have hooves in place of feet. [demonic
                  | ancestry]
  3833 | D:5      | Reached XP level 7. HP: 43/54 MP: 11/11
  3872 | D:5      | Gained mutation: You are agile. (Dex +4, Str/Int -1)
                  | [potion of mutation]
  3872 | D:5      | Gained mutation: You have a pair of antennae on your head.
                  | [potion of mutation]
  4396 | D:5      | Found a stormy altar of Qazlal.
  4565 | D:5      | Upgraded the game from 0.32-a0-576-g706899e69d to
                  | 0.32-a0-607-g64ea0e4219
  4583 | D:5      | Found a staircase to the Ecumenical Temple.
  4632 | D:5      | Found a shimmering blue altar of Sif Muna.
  4643 | D:5      | Found a runed translucent gate.
  4644 | D:5      | Found a runed translucent gate.
  4645 | D:5      | Found a runed translucent gate.
  4645 | D:5      | Noticed DimondSprtn's ghost (novice CoWr)
  4646 | D:5      | Found a roughly hewn altar of Beogh.
  4647 | D:5      | Identified the +0 ring mail of the Arena {Int+2 Dex+2}
  4734 | D:6      | Noticed a yak
  4735 | D:6      | Noticed a yak
  4735 | D:6      | Noticed a yak
  4736 | D:6      | Noticed a yak
  4736 | D:6      | Noticed a yak
  4757 | D:5      | Slain by a yak

Illustrated notes

Levels and vault maps discovered:
D:1:      mrwooster_arrival_statue_2, layout_loops_cross
D:2:      layout_rooms, shapermc_ecumenical_altar_ellora
D:3:      layout_basic, grunt_temple_overflow_opulence
D:4:      layout_basic, xom_redecorated
D:5:      layout_rooms, mainiacjoe_overflow_brackets, mainiacjoe_overflow_swirl,
          minmay_temple_entry_junction, biasface_ghost_orc_armoury,
          minmay_misc_feat_roman, st_stairs_10, minmay_holes,
          minmay_misc_feat_pillars, kennysheep_generic_room_3
D:6:      layout_rooms, serial_corexii_hall, corexii_hall_statues_l,
          corexii_hall_statues_l, corexii_hall_statues_u,
          corexii_hall_statues_x, nicolae_ossuary_entry_giza, uniq_edmund,
          uniq_jeremiah

Skill      XL: |  1  2  3  4  5  6  7 |
---------------+----------------------+-----
Armour         | 1 2 3 |  3.1
Throwing       | 1 |  1.0
Polearms       | 2 3 |  3.3
Dodging        | 2 3 |  3.2
Translocations | 3 |  3.9
Fighting       | 3 4 |  4.7
Invocations    | 1 2 |  2.7
Spellcasting   | 3 |  3.3

Action                     |  1- 3 |  4- 6 |  7- 9 || total
---------------------------+-------+-------+-------++-------
  Melee: Spear             |    54 |       |       ||    54
         Whip              |    42 |       |       ||    42
         Kick              |    31 |    34 |    19 ||    84
         Dagger            |    55 |   102 |    43 ||   200
   Cast: Blink             |     1 |     7 |     3 ||    11
 Invoke: Convert to Beogh  |       |     1 |       ||     1
    Use: Scroll            |     8 |     1 |     1 ||    10
         Potion            |       |     1 |     1 ||     2
   Stab: Sleeping          |     2 |     1 |       ||     3
 Armour: Leather armour    |    77 |    61 |    33 ||   171
  Dodge: Dodged            |    73 |    56 |    29 ||   158

Table legend: (Time is in decaauts)
 A = Elapsed time spent in this place.
 B = Non-inter-level travel time spent in this place.
 C = Inter-level travel time spent in this place.
 D = Time resting spent in this place.
 E = Time spent auto-exploring this place.
 F = Levels seen in this place.
 G = Mean time per level.
                   A        B        C        D        E       F      G
               +--------+--------+--------+--------+--------+-----+--------+
         Total |   4760 |   4599 |    161 |    245 |   3436 |   6 |  793.3 |
       Dungeon |   4760 |   4599 |    161 |    245 |   3436 |   6 |  793.3 |
               +--------+--------+--------+--------+--------+-----+--------+

Top non-repeatable levels by time:
     D:5: 1289 daAuts
     D:4: 1243 daAuts
     D:1: 877 daAuts
     D:2: 743 daAuts
     D:3: 592 daAuts
     D:6: 14 daAuts
